 Dungeon Crawl Stone Soup version 0.26.1-11-gd32895ea62 (webtiles) character file.

Game seed: 12878410235355740160

810 Zeld the Cruncher (level 7, -1/45 HPs)
             Began as an Octopode Gladiator on May 22, 2021.
             Was a Follower of Okawaru.
             Slain by an ufetubus (4 damage)
             ... on level 5 of the Dungeon.
             The game lasted 00:04:33 (6409 turns).

Zeld the Cruncher (Octopode Gladiator)              Turns: 6409, Time: 00:04:33

Health: -1/45      AC:  1    Str: 16    XL:     7   Next: 92%
Magic:  7/7        EV: 14    Int: 10    God:    Okawaru [*.....]
Gold:   151        SH:  0    Dex: 13    Spells: 6/6 levels left

rFire    . . .     SeeInvis .   a - +0 quarterstaff
rCold    . . .     Faith    .   (shield currently unavailable)
rNeg     . . .     Spirit   .   b - +0 hat
rPois    .         Reflect  .   (no amulet)
rElec    .         Harm     .   (no ring)
rCorr    .         Rampage  .   (no ring)
Will     .....                  (no ring)
Stlth    ++........             (no ring)
HPRegen  0.15/turn              (no ring)
MPRegen  0.10/turn              (no ring)
                                (no ring)
                                (no ring)

@: no status effects
A: almost no armour, stealthy swim, amphibious, 8 rings, constrict 8, camouflage
1, gelatinous body 1
a: Renounce Religion, Heroism


You were on level 5 of the Dungeon.
You worshipped Okawaru.
Okawaru was aware of your devotion.
You visited 1 branch of the dungeon, and saw 6 of its levels.

You collected 151 gold pieces.

Inventory:

Hand Weapons
 a - a +0 quarterstaff (weapon)
Missiles
 c - 3 throwing nets (quivered)
Armour
 b - a +0 hat (worn)
Scrolls
 d - a scroll of fog {unknown}
 f - 10 scrolls of remove curse
 g - 3 scrolls of teleportation {unknown}
 i - a scroll of fear {unknown}
 k - a scroll of immolation {unknown}
 n - 3 scrolls of identify {unknown}
 p - 2 scrolls of enchant armour {unknown}
 t - a scroll of magic mapping {unknown}
 u - a scroll of blinking {unknown}
 v - 2 scrolls of noise {unknown}
 x - a scroll of amnesia {unknown}
 y - a scroll of enchant weapon {unknown}
Potions
 e - a potion of berserk rage {unknown}
 h - 3 potions of haste {unknown}
 j - a potion of curing {unknown}
 m - 2 potions of flight {unknown}
 o - a potion of might {unknown}
 r - a potion of invisibility
 s - 2 potions of degeneration {unknown}
 w - a potion of mutation {unknown}
 z - a potion of attraction {unknown}


   Skills:
 - Level 2.0 Fighting
 * Level 9.1 Staves
 - Level 2.0 Throwing
 - Level 3.0 Dodging


You had 6 spell levels left.
You didn't know any spells.
Your spell library contained the following spells:

 Spells                   Type           Power        Failure   Level
 Ignite Poison            Fire/Tmut/Pois 0%           75%         3
 Fireball                 Conj/Fire      0%           100%        5
 Starburst                Conj/Fire      0%           100%        6
 Ignition                 Fire           0%           100%        8


Dungeon Overview and Level Annotations

Branches:
Dungeon (6/15)
 Temple: D:4-7

Altars:
Gozag
Kikubaaqudgha
Okawaru
Qazlal
Trog
Uskayaw
Xom

Shops:
D:4 [

Annotations:
D:2 1 runed translucent door, Crazy Yiuf


Innate Abilities, Weirdness & Mutations

You cannot wear most types of armour.
You are very stealthy in the water. (Stealth+)
You are amphibious.
You can wear up to eight rings at the same time.
You can use your tentacles to constrict eight enemies at once.
Your skin changes colour to match your surroundings (Stealth+).
Your rubbery body absorbs attacks. (AC +1, EV +1)


Message History

The gnoll barely misses you.
A gnoll comes into view. It is wielding a +0 spear.
The gnoll hits you with a +0 halberd! The ufetubus closely misses you.
The ufetubus hits you. The gnoll hits you with a +0 spear.
You miss the ufetubus. You grab the ufetubus. Your squeeze misses the ufetubus.
You constrict the ufetubus. The ufetubus hits you.
The ufetubus closely misses you.
A quokka comes into view.
The gnoll hits you from afar with a +0 spear.
The gnoll hits you with a +0 spear. The gnoll hits you with a +0 halberd!
* * * LOW HITPOINT WARNING * * *
The ufetubus barely misses you. x2
You release your grip on the ufetubus.
The gnoll hits you from afar with a +0 spear.
* * * LOW HITPOINT WARNING * * *
The gnoll closely misses you. The ufetubus barely misses you.
The ufetubus closely misses you.
An adder comes into view.
The ufetubus barely misses you. The ufetubus hits you.
You die...

.... #.S#
.#r###..#######
....$..g.......
#.g# #).#######
## #........!
....###5#######
#.......@#
#...###..### ##
#......#
#.####.# #. #.#
# #[####.#
#......#
#.###### ###.##


You could see 2 gnolls, an adder and an ufetubus.

Vanquished Creatures
  Eustachio (D:5)
  An ogre (D:4)
  A centaur (D:5)
  2 scorpions (D:4)
  An orc priest (D:4)
  3 orc wizards (D:4)
  A bullfrog skeleton (D:5)
  2 iguanas
  A worker ant (D:3)
  A gnoll (D:5)
  8 adders
  2 oozes
  An adder skeleton (D:5)
  3 dart slugs
  A leopard gecko (D:1)
  17 orcs
  4 giant cockroaches
  5 goblins
  4 hobgoblins
  10 jackals
  7 kobolds
  3 quokkas
  2 ball pythons
  8 bats
  6 frilled lizards
  A leopard gecko skeleton (D:4)
  7 rats
103 creatures vanquished.

Notes
Turn   | Place    | Note
-------+----------+-------------------------------------------
     0 | D:1      | Zeld the Octopode Gladiator began the quest for the Orb.
     0 | D:1      | Reached XP level 1. HP: 14/14 MP: 1/1
   234 | D:2      | Reached XP level 2. HP: 19/19 MP: 2/2
   287 | D:2      | Reached skill level 4 in Staves
   483 | D:2      | Reached XP level 3. HP: 22/24 MP: 3/3
   606 | D:3      | Found an iron altar of Okawaru.
   614 | D:3      | Became a worshipper of Warmaster Okawaru
   785 | D:4      | Found Xejich's Antique Armour Shoppe.
   826 | D:5      | Entered Level 5 of the Dungeon
   898 | D:6      | Reached XP level 4. HP: 11/29 MP: 4/4
   931 | D:6      | Noticed a phantom
  1233 | D:6      | Noticed an orc warrior
  1240 | D:6      | HP: 1/29 [orc/+0 flail (4)]
  1575 | D:1      | Reached skill level 5 in Staves
  2144 | D:2      | Found a runed translucent door.
  2145 | D:2      | Noticed Crazy Yiuf
  2401 | D:2      | Reached XP level 5. HP: 14/34 MP: 5/5
  3351 | D:3      | Reached skill level 6 in Staves
  4457 | D:4      | Reached XP level 6. HP: 35/39 MP: 6/6
  4593 | D:4      | Found a shimmering altar of Xom.
  4658 | D:4      | Found a stormy altar of Qazlal.
  4658 | D:4      | Found an ancient bone altar of Kikubaaqudgha.
  4659 | D:4      | Found an opulent altar of Gozag.
  4659 | D:4      | Found a hide-covered altar of Uskayaw.
  4659 | D:4      | Found a bloodstained altar of Trog.
  4672 | D:4      | Reached skill level 7 in Staves
  4874 | D:4      | Reached * piety under Okawaru
  5651 | D:4      | Reached XP level 7. HP: 45/45 MP: 7/7
  5746 | D:4      | Reached skill level 8 in Staves
  6223 | D:5      | Noticed Eustachio
  6245 | D:5      | Killed Eustachio
  6246 | D:5      | Reached skill level 9 in Staves
  6406 | D:5      | HP: 2/45 [gnoll/+0 spear (6)]
  6409 | D:5      | Slain by an ufetubus

Illustrated notes

Levels and vault maps discovered:
D:1:      erik_arrival_orb_chamber, layout_rooms
D:2:      minmay_inner_zag, layout_basic, nicolae_overflow_hidden_temple,
          uniq_crazy_yiuf_cottage
D:3:      layout_loops_ring, okawaru_gym_becter, minivault_14
D:4:      layout_loops_ring, grunt_temple_overflow_open, serial_shops,
          kennysheep_little_box, st_stairs_7
D:5:      layout_loops_ring, yredelemnul_altar_generic, uniq_eustachio
D:6:      layout_gridville, minmay_temple_entry_proselytizer, basic_altar,
          sigmund_edmund_badplayer, uniq_duvessa, uniq_pikel

Skill      XL: |  1  2  3  4  5  6  7 |
---------------+----------------------+-----
Staves         | 4 5 6 7 9 |  9.1
Fighting       | |  2.0
Throwing       | |  2.0
Dodging        | |  3.0

Action                   |  1- 3 |  4- 6 |  7- 9 || total
-------------------------+-------+-------+-------++-------
Melee: Quarterstaff      |    45 |   157 |    34 ||   236
       Constrict         |    13 |    41 |     7 ||    61
       Tentacles         |     8 |    27 |    10 ||    45
  Use: Scroll            |       |       |     1 ||     1
 Stab: Sleeping          |     8 |    14 |       ||    22
Armor: Skin              |       |     8 |     2 ||    10
Dodge: Dodged            |    32 |   127 |    25 ||   184
